 Dungeon Crawl Stone Soup version 0.18-a0-79-gb542d04 (webtiles) character file.

28 Duffy the Magician (level 3, -4/16 HPs)
             Began as a Spriggan Earth Elementalist on Nov 12, 2015.
             Slain by an orc
             ... wielding a +0 short sword of electrocution
              (17 damage)
             ... on level 3 of the Dungeon.
             The game lasted 00:01:36 (948 turns).

Duffy the Magician (Spriggan Earth Elementalist)     Turns: 948, Time: 00:01:36

Health: -4/16      AC:  2    Str:  4    XL:     3   Next: 0%
Magic:  7/9        EV: 18    Int: 16    God:
Gold:   10         SH:  0    Dex: 17    Spells: 1 memorised, 8 levels left

rFire  . . .     SeeInvis +     (weapon restricted)
rCold  . . .     Clarity  .     a - +0 robe
rNeg   . . .     SustAt   .     (shield restricted)
rPois  .         Gourm    .     (helmet restricted)
rElec  .         Spirit   .     (no cloak)
rCorr  .         Warding  .     (gloves unavailable)
rMut   .         Stasis   .     (boots unavailable)
MR     .....                    (no amulet)
Stlth  +++.......               (no ring)
                                (no ring)

@: very quick, not resistant to hostile enchantments, fairly stealthy
A: unfitting armour, see invisible, herbivore 3, speed 3, slow metabolism 2
a: no special abilities


You were on level 3 of the Dungeon.
You were not hungry.

You visited 1 branch of the dungeon, and saw 3 of its levels.

You collected 10 gold pieces.


Innate Abilities, Weirdness & Mutations

You are tiny and cannot use many weapons and most armour.
You have supernaturally acute eyesight.
You are a herbivore.
You cover ground extremely quickly.
You need consume almost no food.


   Skills:
 - Level 3.0 Dodging
 - Level 3.0 Stealth
 + Level 3.5 Spellcasting
   Level 1.3 Transmutations
 + Level 3.3 Earth Magic


You had 8 spell levels left.
You knew the following spells:

 Your Spells              Type           Power        Failure   Level  Hunger
a - Sandblast             Erth           ##....       6%          1    None

Inventory:

Missiles
 b - 20 stones (quivered)
Armour
 a - a +0 robe (worn)
Scrolls
 e - a scroll of noise {unknown}
 f - a scroll of identify {unknown}
Potions
 g - a potion of degeneration {unknown}
Books
 c - a book of Geomancy
Comestibles
 d - a bread ration

Dungeon Overview and Level Annotations

Branches:
Dungeon (3/15)

Altars:


Message History

Aiming: Sandblast
Press: ? - help, Shift-Dir - straight line, f/p - quokka
Aim: a quokka (severely wounded)
The blast of sand hits the quokka.
The quokka is almost dead.
The quokka misses you.
Cast which spell? (? or * to list)
Aiming: Sandblast
Press: ? - help, Shift-Dir - straight line, f/p - quokka
Aim: a quokka (almost dead)
The blast of sand misses the quokka.
The quokka barely misses you.
Cast which spell? (? or * to list)
Aiming: Sandblast
Press: ? - help, Shift-Dir - straight line, f/p - quokka
Aim: a quokka (almost dead)
The blast of sand hits the quokka.
You kill the quokka!
You have reached level 3!
Your experience leads to an increase in your attributes!
Increase (S)trength, (I)ntelligence, or (D)exterity?
You feel agile.
You hear the slow rusting of a very distant drain.
You start resting.
You hear the slow rusting of a very distant drain.
You see here a quokka corpse. 2 orcs come into view.
There are monsters nearby!
An orc comes into view. It is wielding a mace.
An orc priest comes into view.
The orc shouts! x2
You hear a shout!
The orc hits you with a short sword of electrocution.
You are electrocuted!
Ouch! That really hurt!
You die...

#### # # ##
########## #####
.##
#........##...oo#
..##
#..†.....@o.o....
...##
#.###############
#...## #.# ##...#
#.# #...###.#
##...##.#
#...##.# ##...#.#
#...#.#


You could see an orc priest (wandering) and 3 orcs.

Action                   || total
-------------------------++-------
 Cast: Sandblast         ||    51

Notes
Turn   | Place    | Note
--------------------------------------------------------------
     0 | D:1      | Duffy the Spriggan Earth Elementalist began the quest for the Orb.
     0 | D:1      | Reached XP level 1. HP: 9/9 MP: 5/5
   275 | D:1      | Reached skill level 3 in Spellcasting
   309 | D:1      | Reached skill level 3 in Earth Magic
   309 | D:1      | Reached XP level 2. HP: 4/13 MP: 0/7
   890 | D:3      | Reached XP level 3. HP: 16/16 MP: 1/9
   948 | D:3      | Slain by an orc

Vault maps used:
D:1:      wheals_arrival_shading, minivault_23, kennysheep_doodads,
          serial_bayou_lagoon_a
D:3:      serial_curves, eino_curves_03, eino_curves_01, gup_sewer_entry_spiral,
          minmay_distorted

Vanquished Creatures
  An adder
  An ooze
  2 bats
  A giant cockroach
  A goblin
  A hobgoblin
  3 jackals
  A quokka
  A giant newt
  2 rats
14 creatures vanquished.
